 Dungeon Crawl Stone Soup version 0.27.1-4-g1640c2035a (webtiles) character file.

Game seed: 5182420132931593578

56 FreshCat the Ruffian (level 3, 0/55 HPs)
             Began as a Troll Berserker on Nov 3, 2021.
             Was a Believer of Trog.
             Slain by a gnoll (8 damage)
             ... on level 2 of the Dungeon.
             The game lasted 00:04:45 (840 turns).

FreshCat the Ruffian (Troll Berserker)               Turns: 840, Time: 00:04:45

Health: 0/55       AC:  4    Str: 25    XL:     3   Next: 69%
Magic:  2/2        EV: 10    Int:  4    God:    Trog [**....]
Gold:   71         SH:  0    Dex:  9    Spells: 2/2 levels left

rFire    . . .     SeeInvis .     - Unarmed
rCold    . . .     Faith    .   (no shield)
rNeg     . . .     Spirit   .   a - +0 animal skin
rPois    .         Reflect  .   (helmet restricted)
rElec    .         Harm     .   (no cloak)
rCorr    .         Rampage  .   (gloves unavailable)
Will     .....                  (boots unavailable)
Stlth    ..........             c - amulet of regeneration
HPRegen  2.18/turn              (no ring)
MPRegen  0.08/turn              (no ring)

@: berserking, very quick
A: large, unfitting armour, claws 3, regeneration 1, shaggy fur 1, tough skin 1
a: Renounce Religion, Berserk, Trog's Hand


You were on level 2 of the Dungeon.
You worshipped Trog.
Trog was pleased with you.
You visited 1 branch of the dungeon, and saw 2 of its levels.

You collected 71 gold pieces.

Inventory:

Missiles
 b - 32 stones (quivered)
Armour
 a - a +0 animal skin (worn)
Jewellery
 c - an amulet of regeneration (around neck)
Scrolls
 d - a scroll of vulnerability {unknown}


   Skills:
 + Level 3.0 Fighting
 + Level 3.1 Dodging
 + Level 3.4 Unarmed Combat


You had 2 spell levels left.
You didn't know any spells.
Your spell library was empty.

Dungeon Overview and Level Annotations

Branches:
Dungeon (2/15)

Altars:

Annotations:
D:1 exclusion: downstairs
D:2 Terence


Innate Abilities, Weirdness & Mutations

You are too large for most types of armour.
You have claws for hands.
Your natural rate of healing is unusually fast.
You are covered in fur. (AC +1)
You have tough skin. (AC +1)


Message History

You are no longer berserk.
You are exhausted.
You feel yourself slow down.
A gnoll is nearby!
You see here a +0 short sword.
You see here a frilled lizard corpse.
You see here a hobgoblin corpse.
You start waiting.
You feel yourself speed up.
You start waiting.
You recover from your berserk rage.
A gnoll comes into view. It is wielding a +3 spear.
A gnoll comes into view. It is wielding a +0 halberd.
The gnoll shouts! x3
The hobgoblin shouts!
The gnoll hits you with a +0 whip.
The gnoll shouts!
You barely miss the gnoll. The gnoll hits you but does no damage.
You scratch the gnoll.
The gnoll is lightly wounded.
You barely miss the gnoll.
The gnoll is lightly wounded.
The gnoll barely misses you.
You claw the gnoll!
You kill the gnoll!
Trog accepts your kill.
The gnoll hits you from afar with a +3 spear.
The gnoll hits you with a +3 spear. The gnoll barely misses you.
You see here a +0 whip.
You barely miss the gnoll. The gnoll hits you with a +3 spear!
The gnoll misses you.
You fail to use your ability.
The gnoll hits you with a +3 spear! The gnoll barely misses you.
You closely miss the gnoll. The gnoll barely misses you.
The gnoll hits you from afar with a +0 halberd!
* * * LOW HITPOINT WARNING * * *
A red film seems to cover your vision as you go berserk!
You feel yourself moving faster!
You feel mighty! The gnoll hits you with a +3 spear!
You die...

#..## #...# #.......
#<#.####.....g #............
... #†.#.##..... .... .#.#.
#..#.##.... ... .....
#.......#.# #.# #.....
##)...####.####.##......
##†......@gg......#......
##..###.####g##......[..g.
###..## #.###.)##...[..g....
#...#####.#....††)..........
#...........#.###...........
#########.###.##....#.......
##...#.#...###.....g.
##..........# .>..[..
#..........## .......


You could see 2 gnolls and a hobgoblin.

Vanquished Creatures
  A gnoll (D:2)
  2 adders (D:2)
  A dart slug (D:1)
  4 endoplasms
  A giant cockroach (D:2)
  5 goblins
  3 hobgoblins
  A ball python (D:1)
  2 bats (D:1)
  2 frilled lizards (D:2)
  3 kobolds
  A rat (D:1)
26 creatures vanquished.

Notes
Turn   | Place    | Note
-------+----------+-------------------------------------------
     0 | D:1      | FreshCat the Troll Berserker began the quest for the Orb.
     0 | D:1      | Reached XP level 1. HP: 22/22 MP: 0/0
    10 | D:2      | Noticed Terence
   223 | D:1      | Reached XP level 2. HP: 21/29 MP: 1/1
   708 | D:2      | Reached XP level 3. HP: 36/36 MP: 2/2
   750 | D:2      | Reached ** piety under Trog
   840 | D:2      | Slain by a gnoll

Illustrated notes

Levels and vault maps discovered:
D:1:      dpeg_arrival_line_fractal, layout_loops_ring
D:2:      layout_rooms, basic_altar, uniq_terence

Skill      XL: |  1  2  3 |
---------------+----------+-----
Fighting       | 3 |  3.0
Dodging        | 3 |  3.1
Unarmed Combat | |  3.4

Action                   || total
-------------------------++-------
Melee: Unarmed           ||    61
       Punch             ||     1
Throw: Stone             ||    20
Invok: Berserk           ||     2
Armor: Animal skin       ||    11
Dodge: Dodged            ||    29
